EL
JACKSONVILLE SUNS @ READING FIGHTIN PHILS
08/12/2049
 
TOP OF THE 1ST
Jacksonville Suns batting - Pitching for Reading Fightin Phils : RHP Dale Turner
Pitching: RHP Dale Turner
Batting: RHB Len Graham 0-0: Fly out, F8 (Flyball, 89XD, EV 90.0 MPH)
Batting: RHB Reomel Somera 0-0: Ball
1-0: Called Strike
1-1: Swinging Strike
1-2: Foul Ball, location: 2F
1-2: Strikes out swinging
Batting: LHB Dong-u Chang 0-0: Foul Ball, location: 2F
0-1: Swinging Strike
0-2: Strikes out looking
Top of the 1st over - 0 runs, 0 hits, 0 errors, 0 left on base; Jacksonville 0 - Reading 0
BOTTOM OF THE 1ST
Reading Fightin Phils batting - Pitching for Jacksonville Suns : RHP Carlos Guerrero
Pitching: RHP Carlos Guerrero
Batting: RHB Alberto Ramirez 0-0: Ground out 1-3 (Groundball, 34S, EV 65.0 MPH)
Batting: RHB Chris Myers 0-0: Ball
1-0: DOUBLE (Groundball, 5L, EV 95.6 MPH)
Pinch Runner at 2nd Victor Arias:
Batting: RHB Guan-pei Gao 0-0: Foul Ball, location: 2F
0-1: SINGLE (Groundball, 34S, EV 68.8 MPH) (infield hit)
Victor Arias to third
Batting: RHB Victor Arroyo 0-0: Fly out, F9 (Flyball, 9, EV 94.4 MPH)
Batting: RHB Mike Bell 0-0: Called Strike
0-1: Foul Ball, location: 2F
0-2: Foul Ball, location: 2F
0-2: Ball
1-2: Ball
2-2: Strikes out swinging
Bottom of the 1st over - 0 runs, 2 hits, 0 errors, 2 left on base; Jacksonville 0 - Reading 0
TOP OF THE 2ND
Jacksonville Suns batting - Pitching for Reading Fightin Phils : RHP Dale Turner
Now at SS: Guan-pei Gao
Now in LF: Victor Arias
Batting: RHB Jack Power 0-0: Foul Ball, location: 2F
0-1: Ball
1-1: Ball
2-1: Ball
3-1: Base on Balls
Batting: RHB Torquato Obawole 0-0: Ball
1-0: Ball
2-0: Called Strike
2-1: Grounds into double play, 3-6-3 (Groundball, 3, EV 96.2 MPH)
Batting: RHB Larry LeFever 0-0: Ball
1-0: Called Strike
1-1: Ball
2-1: Foul Ball, location: 2F
2-2: Ball
3-2: Strikes out swinging
Top of the 2nd over - 0 runs, 0 hits, 0 errors, 0 left on base; Jacksonville 0 - Reading 0
BOTTOM OF THE 2ND
Reading Fightin Phils batting - Pitching for Jacksonville Suns : RHP Carlos Guerrero
Batting: SHB Marco de Leon 0-0: Ground out U3 (Groundball, 3, EV 106.2 MPH)
Batting: RHB Daniel Samano 0-0: Swinging Strike
0-1: Ball
1-1: Called Strike
1-2: Foul Ball, location: 2F
1-2: Foul Ball, location: 2F
1-2: Strikes out swinging
Batting: RHB Mike Meeker 0-0: Ball
1-0: Ball
2-0: Ground out 5-3 (Groundball, 56, EV 81.2 MPH)
Bottom of the 2nd over - 0 runs, 0 hits, 0 errors, 0 left on base; Jacksonville 0 - Reading 0
TOP OF THE 3RD
Jacksonville Suns batting - Pitching for Reading Fightin Phils : RHP Dale Turner
Batting: LHB Matt McKeon 0-0: Fly out, F7 (Flyball, 7S, EV 88.8 MPH)
Batting: RHB Chris Alft 0-0: Called Strike
0-1: Ball
1-1: Ball
2-1: Foul Ball, location: 2F
2-2: Ground out 5-3 (Groundball, 56, EV 103.8 MPH)
Batting: LHB Emilio Cordero 0-0: Fly out, F6 (Popup, 6S, EV 73.1 MPH)
Top of the 3rd over - 0 runs, 0 hits, 0 errors, 0 left on base; Jacksonville 0 - Reading 0
BOTTOM OF THE 3RD
Reading Fightin Phils batting - Pitching for Jacksonville Suns : RHP Carlos Guerrero
Batting: RHB Jake Cox 0-0: Swinging Strike
0-1: Called Strike
0-2: Foul Ball, location: 2F
0-2: Ball
1-2: Ball
2-2: Ball
3-2: Foul Ball, location: 2F
3-2: Base on Balls
Batting: RHB Alberto Ramirez 0-0: Ball
1-0: Called Strike
Jake Cox steals 2nd base
1-1: Ball
2-1: Ball
3-1: Foul Ball, location: 2F
3-2: SINGLE (Line Drive, 9S, EV 92.5 MPH)
Jake Cox to third
Runner from 3rd tries for Home, SAFE, throw by RF to home
Batting: RHB Victor Arias 0-0: Called Strike
Alberto Ramirez steals 2nd base
0-1: Ball
1-1: Fly out, F6 (Popup, 56, EV 76.9 MPH)
Batting: RHB Guan-pei Gao 0-0: Ball
Alberto Ramirez steals 3rd base
1-0: Called Strike
1-1: Ball
2-1: Ball
3-1: Foul Ball, location: 2F
3-2: Ground out 6-3 (Groundball, 6S, EV 93.1 MPH)
Alberto Ramirez scores
Batting: RHB Victor Arroyo 0-0: Foul Ball, location: 2F
0-1: Ball
1-1: Foul Ball, location: 2F
1-2: Strikes out swinging
Bottom of the 3rd over - 2 runs, 1 hit, 0 errors, 0 left on base; Jacksonville 0 - Reading 2
TOP OF THE 4TH
Jacksonville Suns batting - Pitching for Reading Fightin Phils : RHP Dale Turner
Batting: RHB Len Graham 0-0: Called Strike
0-1: Swinging Strike
0-2: Ball
1-2: Ground out 6-3 (Groundball, 6, EV 101.2 MPH)
Batting: RHB Reomel Somera 0-0: Ground out 4-3 (Groundball, 4, EV 99.4 MPH)
Batting: LHB Dong-u Chang 0-0: Fly out, F5 (Popup, 5, EV 56.2 MPH)
Top of the 4th over - 0 runs, 0 hits, 0 errors, 0 left on base; Jacksonville 0 - Reading 2
BOTTOM OF THE 4TH
Reading Fightin Phils batting - Pitching for Jacksonville Suns : RHP Carlos Guerrero
Batting: RHB Mike Bell 0-0: Foul Ball, location: 2F
0-1: Called Strike
0-2: Ball
1-2: Ground out 6-3 (Groundball, 6, EV 91.9 MPH)
Batting: SHB Marco de Leon 0-0: Called Strike
0-1: Ball
1-1: Foul Ball, location: 2F
1-2: Fly out, F8 (Flyball, 8LXD, EV 106.2 MPH)
Batting: RHB Daniel Samano 0-0: Swinging Strike
0-1: Foul Ball, location: 2F
0-2: Foul Ball, location: 2F
0-2: SINGLE (Flyball, 78S, EV 93.1 MPH)
Batting: RHB Mike Meeker 0-0: Foul Ball, location: 2F
0-1: Ground out 2-3 (Groundball, 2R, EV 62.5 MPH)
Bottom of the 4th over - 0 runs, 1 hit, 0 errors, 1 left on base; Jacksonville 0 - Reading 2
TOP OF THE 5TH
Jacksonville Suns batting - Pitching for Reading Fightin Phils : RHP Dale Turner
Batting: RHB Jack Power 0-0: Ball
1-0: Ball
2-0: Ball
3-0: Called Strike
3-1: Foul Ball, location: 2F
3-2: Foul Ball, location: 2F
3-2: Strikes out swinging
Batting: RHB Torquato Obawole 0-0: Called Strike
0-1: Foul Ball, location: 2F
0-2: Ball
1-2: Fly out, F8 (Line Drive, 8LM, EV 107.5 MPH)
Batting: RHB Larry LeFever 0-0: Ball
1-0: Ball
2-0: Called Strike
2-1: Foul Ball, location: 2F
2-2: Strikes out swinging
Top of the 5th over - 0 runs, 0 hits, 0 errors, 0 left on base; Jacksonville 0 - Reading 2
BOTTOM OF THE 5TH
Reading Fightin Phils batting - Pitching for Jacksonville Suns : RHP Carlos Guerrero
Batting: RHB Jake Cox 0-0: Ball
1-0: Swinging Strike
1-1: Foul Ball, location: 2F
1-2: Ball
2-2: Ground out 3-1 (Groundball, 34, EV 86.9 MPH)
Batting: RHB Alberto Ramirez 0-0: Ball
1-0: Ball
2-0: Ball
3-0: Called Strike
3-1: Foul Ball, location: 2F
3-2: Ground out 1-3 (Groundball, 13S, EV 70.0 MPH)
Batting: RHB Victor Arias 0-0: Called Strike
0-1: Ball
1-1: Called Strike
1-2: Strikes out swinging
Bottom of the 5th over - 0 runs, 0 hits, 0 errors, 0 left on base; Jacksonville 0 - Reading 2
TOP OF THE 6TH
Jacksonville Suns batting - Pitching for Reading Fightin Phils : RHP Dale Turner
Batting: LHB Matt McKeon 0-0: Ground out 4-3 (Groundball, 4M, EV 103.8 MPH)
Batting: RHB Chris Alft 0-0: Called Strike
0-1: Ball
1-1: Ball
2-1: Foul Ball, location: 2F
2-2: Strikes out swinging
Batting: LHB Emilio Cordero 0-0: Ball
1-0: Ball
2-0: Foul Ball, location: 2F
2-1: Ball
3-1: Foul Ball, location: 2F
3-2: Base on Balls
Batting: RHB Len Graham 0-0: Ball
1-0: Called Strike
1-1: Ball
2-1: Ball
3-1: Foul Ball, location: 2F
3-2: SINGLE (Groundball, 6S, EV 68.8 MPH) (infield hit)
Emilio Cordero to second
Batting: RHB Reomel Somera 0-0: Called Strike
0-1: Ball
1-1: Ball
2-1: Ball
3-1: Swinging Strike
3-2: Base on Balls
Emilio Cordero to third
Len Graham to second
Batting: LHB Dong-u Chang 0-0: Ball
1-0: Called Strike
1-1: Called Strike
1-2: Ball
2-2: Ground out 4-3 (Groundball, 34D, EV 76.9 MPH)
Top of the 6th over - 0 runs, 1 hit, 0 errors, 3 left on base; Jacksonville 0 - Reading 2
BOTTOM OF THE 6TH
Reading Fightin Phils batting - Pitching for Jacksonville Suns : RHP Carlos Guerrero
Pitching: LHP Will Sledge
Batting: RHB Guan-pei Gao 0-0: SOLO HOME RUN (Flyball, 7D, EV 98.1 MPH), Distance : 390 ft
Batting: RHB Victor Arroyo 0-0: Ball
1-0: Foul Ball, location: 2F
1-1: Ball
2-1: Foul Ball, location: 2F
2-2: Ball
3-2: Base on Balls
Batting: RHB Mike Bell 0-0: Reached on error, E6 (Groundball, 6D, EV 106.2 MPH)
Victor Arroyo to second
Batting: SHB Marco de Leon 0-0: Ball
1-0: Foul Ball, location: 2F
1-1: Ball
2-1: Fly out, F7 (Flyball, 78M, EV 93.8 MPH)
Batting: RHB Daniel Samano 0-0: Foul Ball, location: 2F
0-1: Grounds into double play, 4-6-3 (Groundball, 4M, EV 90.0 MPH)
Bottom of the 6th over - 1 run, 1 hit, 1 error, 1 left on base; Jacksonville 0 - Reading 3
TOP OF THE 7TH
Jacksonville Suns batting - Pitching for Reading Fightin Phils : RHP Dale Turner
Batting: RHB Jack Power 0-0: Called Strike
0-1: Fly out, F5 (Popup, 56S, EV 81.2 MPH)
Batting: RHB Torquato Obawole 0-0: Foul Ball, location: 2F
0-1: Ball
1-1: Hit by Pitch
Batting: RHB Larry LeFever 0-0: Ball
1-0: Called Strike
1-1: Ball
2-1: Ball
Torquato Obawole steals 2nd base
3-1: Called Strike
3-2: SINGLE (Line Drive, 4MD, EV 106.9 MPH)
Torquato Obawole to third
Runner from 3rd tries for Home, SAFE, throw by CF to home
Batting: LHB Matt McKeon 0-0: Swinging Strike
0-1: Swinging Strike
0-2: Foul Ball, location: 2F
0-2: Foul Ball, location: 2F
0-2: Strikes out swinging
Pitching: RHP T.J. Gray
Batting: RHB Chris Alft 0-0: Called Strike
0-1: Fielders Choice at 2nd, 6-4 (Groundball, 6D, EV 106.2 MPH)
Top of the 7th over - 1 run, 1 hit, 0 errors, 1 left on base; Jacksonville 1 - Reading 3
BOTTOM OF THE 7TH
Reading Fightin Phils batting - Pitching for Jacksonville Suns : LHP Will Sledge
Pitching: RHP Mike Yorke
Batting: RHB Mike Meeker 0-0: Called Strike
0-1: Foul Ball, location: 2F
0-2: Ball
1-2: Ball
2-2: Ball
3-2: Foul Ball, location: 2F
3-2: DOUBLE (Line Drive, 3D, EV 102.5 MPH)
Batting: RHB Jake Cox 0-0: Ball
Mike Meeker steals 3rd base
1-0: Ball
2-0: Ball
3-0: Called Strike
3-1: Called Strike
3-2: Strikes out swinging
Batting: RHB Alberto Ramirez 0-0: Intentional Walk
Batting: RHB Victor Arias 0-0: Called Strike
0-1: Ball
Alberto Ramirez steals 2nd base
1-1: Ball
2-1: SINGLE (Groundball, 56D, EV 106.2 MPH)
Mike Meeker scores
Alberto Ramirez to third
Pitching: RHP Earl Shepherd
Batting: RHB Guan-pei Gao 0-0: Foul Ball, location: 2F
0-1: Ground out 6-3 (Groundball, 6, EV 83.8 MPH)
Victor Arias to second
Batting: RHB Victor Arroyo 0-0: Foul Ball, location: 2F
0-1: Ball
1-1: Swinging Strike
1-2: Ball
2-2: Foul Ball, location: 2F
2-2: Strikes out looking
Bottom of the 7th over - 1 run, 2 hits, 0 errors, 2 left on base; Jacksonville 1 - Reading 4
TOP OF THE 8TH
Jacksonville Suns batting - Pitching for Reading Fightin Phils : RHP T.J. Gray
Batting: LHB Emilio Cordero 0-0: Called Strike
0-1: Fly out, F8 (Flyball, 89S, EV 78.1 MPH)
Batting: RHB Len Graham 0-0: Ball
1-0: Fly out, F6 (Line Drive, 6, EV 75.0 MPH)
Batting: RHB Reomel Somera 0-0: Fly out, F8 (Flyball, 89D, EV 103.8 MPH)
Top of the 8th over - 0 runs, 0 hits, 0 errors, 0 left on base; Jacksonville 1 - Reading 4
BOTTOM OF THE 8TH
Reading Fightin Phils batting - Pitching for Jacksonville Suns : RHP Earl Shepherd
Batting: RHB Mike Bell 0-0: Ball
1-0: Called Strike
1-1: Fly out, F3 (Line Drive, 3L, EV 75.0 MPH)
Batting: SHB Marco de Leon 0-0: Ball
1-0: Ground out 4-3 (Groundball, 34, EV 81.2 MPH)
Batting: RHB Daniel Samano 0-0: Called Strike
0-1: Ball
1-1: Ball
2-1: Ball
3-1: Fly out, F6 (Popup, P, EV 81.9 MPH)
Bottom of the 8th over - 0 runs, 0 hits, 0 errors, 0 left on base; Jacksonville 1 - Reading 4
TOP OF THE 9TH
Jacksonville Suns batting - Pitching for Reading Fightin Phils : RHP T.J. Gray
Pitching: RHP Jeremy Mitchem
Batting: LHB Dong-u Chang 0-0: Ground out 6-3 (Groundball, 56D, EV 105.6 MPH)
Batting: RHB Jack Power 0-0: Fly out, F7 (Flyball, 7, EV 75.6 MPH)
Batting: RHB Torquato Obawole 0-0: Foul Ball, location: 2F
0-1: Called Strike
0-2: Foul Ball, location: 2F
0-2: SINGLE (Groundball, 5S, EV 70.0 MPH) (infield hit)
Batting: RHB Larry LeFever 0-0: Ball
Wild Pitch!
Torquato Obawole to second
1-0: Called Strike
1-1: Ball
2-1: Ball
3-1: SINGLE (Groundball, 6MD, EV 93.8 MPH)
Torquato Obawole to third
Batting: LHB Matt McKeon 0-0: Called Strike
0-1: Called Strike
0-2: Strikes out swinging
Top of the 9th over - 0 runs, 2 hits, 0 errors, 2 left on base; Jacksonville 1 - Reading 4
Sunday, July 16th , 2023 - OOTP Baseball 24.6 Build 69